 Dungeon Crawl Stone Soup version 0.31-a0-702-gf82c85558f (webtiles) character file.

Game seed: 7567215752053128117

413 qw the Shooter (level 6, -1/38 HPs)
             Began as a Gargoyle Hunter on Sept 8, 2023.
             Slain by a gnoll
             ... wielding a +0 halberd
             ... led by a gnoll bouda
              (10 damage)
             ... on level 5 of the Dungeon.
             The game lasted 00:01:15 (2877 turns).

qw the Shooter (Gargoyle Hunter)                    Turns: 2877, Time: 00:01:15

Health: -1/38      AC:  8    Str: 15    XL:     6   Next: 90%
Magic:  6/6        EV: 16    Int:  9    God:
Gold:   117        SH:  0    Dex: 15    Spells: 5/5 levels left

rFire   . . .        Y - +1 shortbow
rCold   . . .        (shield currently unavailable)
rNeg    + . .        c - +0 leather armour
rPois   inf          k - +0 helmet
rElec   +            (no cloak)
rCorr   .            (no gloves)
SInv    .            (no boots)
Will    .....        (no amulet)
Stlth   ++           a - +5 ring of evasion
HPRegen 0.26/turn    (no ring)
MPRegen 0.10/turn

%: no passive effects
@: no status effects
A: sickness immunity, AC +4, negative energy resistance 1, electricity
resistance, torment resistance 1, petrification resistance
a: no special abilities


You were on level 5 of the Dungeon.
You visited 1 branch of the dungeon, and saw 5 of its levels.

You collected 117 gold pieces.


Innate Abilities, Weirdness & Mutations

You are immune to sickness and miasma.
Your stone body is resilient. (AC +4)
You are immune to poison.
You resist negative energy. (rN+)
You are resistant to electric shocks. (rElec)
You are resistant to unholy torment.
You are immune to petrification.


   Skills:
 - Level 4.1 Fighting
 - Level 7.0 Ranged Weapons
 - Level 1.5 Armour
 + Level 1.5 Dodging
 - Level 1.1 Stealth


You had 5 spell levels left.
You didn't know any spells.
Your spell library was empty.

Inventory:

Hand Weapons
 Y - a +1 shortbow (weapon)
Armour
 c - a +0 leather armour (worn)
 i - a +0 ring mail
 k - a +0 helmet (worn)
Jewellery
 a - a +5 ring of evasion (left hand)
 m - a ring of fire
Potions
 b - a potion of degeneration {unknown}
 d - a potion of lignification {unknown}
 e - a potion of enlightenment {unknown}
 f - a potion of mutation {unknown}
 g - a potion of brilliance {unknown}
 h - a potion of resistance
 j - a potion of ambrosia {unknown}

Dungeon Overview and Level Annotations

Branches:
Dungeon (5/15)
 Temple: D:4-7

Altars:


Message History

2870 ||| Stepping ~*~*~tactically~*~*~ (retreating).
The orc wizard gestures wildly while chanting.
The orc wizard flickers and vanishes!
Deactivating autopickup; reactivate with Ctrl-A.
The gnoll bouda attacks as it pursues you!
The gnoll bouda closely misses you.
There is a large open door here.
You shoot an arrow.
The arrow hits the gnoll bouda but does no damage.
The gnoll bouda barks out a call to the hunt!
The gnoll picks up the pace!
You shoot an arrow. The arrow hits the gnoll bouda.
The gnoll bouda is moderately wounded.
A gnoll comes into view. It is wielding a +1 whip of venom.
The gnoll bouda hits you with a +0 whip.
The shadow imp grins evilly.
You shoot an arrow. The arrow hits the gnoll bouda!
The gnoll bouda is severely wounded.
The gnoll bouda barely misses you.
You shoot an arrow.
The arrow closely misses the gnoll bouda.
The gnoll bouda barely misses you.
The gnoll bouda hits you with a +0 whip!
You shoot an arrow. The arrow hits the gnoll bouda!
You kill the gnoll bouda!
The shadow imp gestures at you. Pain shoots through your body!
The orc throws a boomerang.
Your Ranged Weapons skill increases to level 7!
You shoot an arrow.
The arrow completely misses the shadow imp.
The arrow closely misses the gnoll.
Something hits you.
You shoot an arrow.
The arrow hits the shadow imp but does no damage.
The gnoll completely misses you.
You hear some strange, mumbled words.
A magic dart appears from out of thin air!
The magic dart hits you.
The gnoll hits you from afar with a +0 halberd!
You die...

##....######### #####..#
#............# #......# #.
##............# #......####....
#.###8###8#...###.....#.)g.....
####### ###....##.....#.##
#.....# #......##........#
#.....# #......##....###.#
##.....###......##5o..# .#
................@{og..+ o.
##..............##g...# .#.
##.#######.....#####+# .#.
#....# #........ .. . #.##.#
#......... ######.# #.........
.......# ####...... ########
###+###


You could see 2 gnolls, a shadow imp and 2 orcs.

Vanquished Creatures
  A scorpion (D:4)
  A gnoll bouda (D:5)
  3 hounds (D:4)
  An orc priest (D:3)
  A sleepcap (D:4)
  2 orc wizards (D:4)
  A gnoll (D:5)
  4 adders
  4 worms
  7 orcs
  5 bats
  5 endoplasms
  3 giant cockroaches (D:2)
  7 goblins
  6 hobgoblins
  4 jackals (D:3)
  3 quokkas
  7 ball pythons
  3 frilled lizards
  8 kobolds
  2 rats (D:3)
78 creatures vanquished.

Notes
Turn   | Place    | Note
-------+----------+-------------------------------------------
     0 | D:1      | qw the Gargoyle Hunter began the quest for the Orb.
     0 | D:1      | Reached XP level 1. HP: 12/12 MP: 1/1
     0 | D:1      | 0 ||| qw: Version: 0.3-a-76-g4403597
     0 | D:1      | 0 ||| qw: Game counter: 939
     0 | D:1      | 0 ||| qw: Melee chars always use a shield: true
     0 | D:1      | 0 ||| qw: God list: Okawaru
     0 | D:1      | 0 ||| qw: Allow faded altars: false
     0 | D:1      | 0 ||| qw: Do Orc after clearing Dungeon:15 true
     0 | D:1      | 0 ||| qw: Do second Lair branch before Depths: true
     0 | D:1      | 0 ||| qw: Lair rune preference: random
     0 | D:1      | 0 ||| qw: Goals: Normal
     0 | D:1      | 0 ||| PLANNING D:1-11
   105 | D:1      | Reached XP level 2. HP: 17/17 MP: 2/2
   468 | D:1      | Found a faded altar of an unknown god.
   635 | D:1      | 635 ||| UPGRADING to +0 helmet.
   640 | D:1      | 640 ||| READING scroll labelled MAVAYTHANKI.
   641 | D:1      | 641 ||| READING 3 scrolls labelled XUCWOU HETWUOS.
   642 | D:1      | 642 ||| READING 2 scrolls labelled AJURYJ JUOWN.
   643 | D:1      | 643 ||| READING scroll labelled JEJAEK GULIWK.
   644 | D:1      | 644 ||| DRINKING 2 golden potions.
   749 | D:1      | 749 ||| DROPPING scroll of butterflies.
   750 | D:1      | 750 ||| DROPPING potion of berserk rage.
   751 | D:1      | 751 ||| DROPPING 2 scrolls of blinking.
   752 | D:1      | 752 ||| DROPPING scroll of vulnerability.
   826 | D:2      | Reached XP level 3. HP: 17/21 MP: 3/3
   862 | D:2      | Reached skill level 5 in Ranged Weapons
  1141 | D:2      | 1141 ||| UPGRADING to +5 ring of evasion.
  1142 | D:2      | 1142 ||| READING scroll labelled OQODIO EJEXZIRU.
  1143 | D:2      | 1143 ||| READING scroll labelled LIUDWI YHYXY.
  1144 | D:2      | 1144 ||| DRINKING 2 bubbling puce potions.
  1164 | D:3      | 1164 ||| STAIRDANCE
  1169 | D:3      | 1169 ||| STAIRDANCE
  1182 | D:3      | Reached skill level 3 in Fighting
  1439 | D:3      | Reached XP level 4. HP: 28/28 MP: 4/4
  1680 | D:3      | Reached XP level 5. HP: 32/32 MP: 5/5
  1835 | D:4      | Reached skill level 6 in Ranged Weapons
  1908 | D:4      | Reached skill level 1 in Armour
  2450 | D:4      | Reached XP level 6. HP: 37/38 MP: 6/6
  2467 | D:4      | 2467 ||| FLEEEEING.
  2468 | D:4      | 2468 ||| FLEEEEING.
  2469 | D:4      | 2469 ||| FLEEEEING.
  2470 | D:4      | 2470 ||| FLEEEEING.
  2471 | D:4      | 2471 ||| FLEEEEING.
  2472 | D:4      | 2472 ||| FLEEEEING.
  2475 | D:4      | 2475 ||| FLEEEEING.
  2476 | D:4      | 2476 ||| FLEEEEING.
  2477 | D:4      | 2477 ||| FLEEEEING.
  2478 | D:4      | 2478 ||| FLEEEEING.
  2479 | D:4      | 2479 ||| FLEEEEING.
  2482 | D:4      | 2482 ||| FLEEEEING.
  2723 | D:4      | 2723 ||| DROPPING ring of magical power.
  2724 | D:4      | 2724 ||| READING scroll labelled UTAWUOGIRO.
  2725 | D:4      | 2725 ||| READING scroll labelled HUITEI JAIGA.
  2726 | D:4      | 2726 ||| READING scroll labelled MIOLUK ETHAYKK.
  2731 | D:4      | 2731 ||| READING scroll labelled HIKHLI ONITAHEE.
  2742 | D:5      | Entered Level 5 of the Dungeon
  2859 | D:5      | 2859 ||| Stepping ~*~*~tactically~*~*~ (outnumbered).
  2861 | D:5      | 2861 ||| RETREATING.
  2865 | D:5      | 2865 ||| Stepping ~*~*~tactically~*~*~ (retreating).
  2866 | D:5      | 2866 ||| Stepping ~*~*~tactically~*~*~ (retreating).
  2867 | D:5      | 2867 ||| Stepping ~*~*~tactically~*~*~ (retreating).
  2868 | D:5      | 2868 ||| Stepping ~*~*~tactically~*~*~ (retreating).
  2869 | D:5      | 2869 ||| Stepping ~*~*~tactically~*~*~ (retreating).
  2870 | D:5      | 2870 ||| Stepping ~*~*~tactically~*~*~ (retreating).
  2876 | D:5      | Reached skill level 7 in Ranged Weapons
  2877 | D:5      | HP: 9/38 [something/magic dart (3)]
  2877 | D:5      | Slain by a gnoll

Levels and vault maps discovered:
D:1:      minmay_arrival_stair_chambers, layout_loops_ring,
          ebering_ecumenical_altar_hall, minmay_misc_feat_secret_circle,
          minmay_tiny_reverse_x
D:2:      layout_basic
D:3:      layout_basic, serial_co_window_serial, co_window_paths_a,
          co_window_cross_1, co_window_paths_a, co_window_paths_b,
          co_window_cross_1, co_window_broadway_a, co_window_cross_3,
          co_window_corner_b, glass_columns_b, glass_columns_c
D:4:      layout_rooms, serial_co_window_serial, co_window_paths_a,
          co_window_paths_b, co_window_corner_a, co_window_paths_b,
          co_window_of_opportunity_a, co_window_2corner, co_window_paths_c,
          co_window_unsneaky_path_e, co_window_broadway_c, co_window_cross_3,
          co_window_sun, glass_columns_a, glass_columns_b, glass_columns_c,
          minmay_misc_feat_x, columned_hall_lemuel, grunt_ministairs_3
D:5:      layout_basic, minmay_temple_entry_trees, serial_corexii_hall,
          chequers_hall_statues_corner_a, chequers_hall_statues_wall_a,
          chequers_hall_statues_wall_a

Skill      XL: |  1  2  3  4  5  6 |
---------------+-------------------+-----
Ranged Weapons | 5 6 7 |  7.0
Fighting       | 3 4 |  4.1
Armour         | 1 |  1.5
Dodging        | |  1.5
Stealth        | |  1.1

Action                     |  1- 3 |  4- 6 || total
---------------------------+-------+-------++-------
   Fire: Shortbow          |   117 |   147 ||   264
    Use: Scroll            |     6 |     4 ||    10
         Potion            |     2 |       ||     2
 Armour: Leather armour    |    33 |    39 ||    72
  Dodge: Dodged            |    39 |    68 ||   107

Table legend:
 A = Non-vault XP
 B = Vault XP
 C = Vault XP percentage of total XP
 D = Non-vault monster count
 E = Vault monster count
 F = Vault count percentage of total count
                 A         B        C        D         E       F
            +---------+---------+-------+---------+---------+-------
      Total |     474 |     116 |  19.7 |      71 |       7 |   9.0
            +---------+---------+-------+---------+---------+-------
        D:1 |      27 |       2 |   6.9 |      16 |       2 |  11.1
        D:2 |      38 |       0 |   0.0 |      13 |       0 |   0.0
        D:3 |     101 |       0 |   0.0 |      25 |       0 |   0.0
        D:4 |     240 |     114 |  32.2 |      14 |       5 |  26.3
        D:5 |      68 |       0 |   0.0 |       3 |       0 |   0.0
            +---------+---------+-------+---------+---------+-------
